[Event "Early-Titled-Tuesday-Blitz-May-28-2024"]
[Site "Chess.com"]
[Date "2024.05.28"]
[Round "2"]
[White "Kumi29"]
[Black "ajedrez-facil"]
[Result "1-0"]
[WhiteElo "2562"]
[BlackElo "2234"]
[TimeControl "180+1"]
[EndTime "8:13:44 PDT"]
[Termination "Kumi29 won by resignation"]

1. d4 d6 2. e4 g6 3. h4 h5 4. Nf3 Bg7 5. Ng5 Bg4 6. f3 Bd7 7. Bc4 e6 8. Nc3 a6 9. a4 Nc6 10. Be3 Nge7 11. d5 exd5 12. Nxd5 Nxd5 13. Qxd5 Ne5 14.
Nxf7 c6 15. Nxd6+ Ke7 16. Bg5+ Bf6 17. Qxe5+ 1-0

[Event "Early-Titled-Tuesday-Blitz-May-28-2024"]
[Site "Chess.com"]
[Date "2024.05.28"]
[Round "2"]
[White "Stanbad1"]
[Black "vi_pranav"]
[Result "0-1"]
[WhiteElo "2632"]
[BlackElo "3040"]
[TimeControl "180+1"]
[EndTime "8:13:57 PDT"]
[Termination "vi_pranav won by resignation"]

1. d4 Nf6 2. Nc3 d5 3. Bf4 a6 4. e3 e6 5. Bd3 b5 6. Nf3 Bb7 7.
O-O Nbd7 8. a4 b4 9. Nb1 c5 10. c3 c4 11. Be2 Be7 12. Ne5 O-O 13. Nd2 a5 14. Bf3 Nxe5 15. dxe5 Nd7 16. Nxc4 Ba6 17.
Nd6 Bxf1 18. Qxf1 Nxe5 19. Bxe5 Bxd6 20. Bxd6 Qxd6 21. Qd3 bxc3 22. Qxc3 Rfc8 23. Qd2 Qb6 24. e4 dxe4 25. Bxe4 Rab8 26. Rb1 g6 27. g3 Rc4 28.
Qf4 Qb4 0-1

[Event "Early-Titled-Tuesday-Blitz-May-28-2024"]
[Site "Chess.com"]
[Date "2024.05.28"]
[Round "2"]
[White "ZachHKL"]
[Black "Slovineanu"]
[Result "0-1"]
[WhiteElo "2341"]
[BlackElo "2552"]
[TimeControl "180+1"]
[EndTime "8:13:59 PDT"]
[Termination "Slovineanu won by resignation"]

1. c4 e5 2. g3 c6 3. d4 exd4 4.
Qxd4 Nf6 5. Bg2 Be7 6. Nc3 O-O 7. Nf3 d5 8. cxd5 cxd5 9. O-O Nc6 10. Qa4 Be6 11. Rd1 Bc5 12. Bg5 h6 13. Bxf6 Qxf6 14. Nxd5 Qxb2 15. Rab1 Qxe2 16. Rf1 Bxd5 17. Qb5 Qxb5 18.
Rxb5 0-1

[Event "Early-Titled-Tuesday-Blitz-May-28-2024"]
[Site "Chess.com"]
[Date "2024.05.28"]
[Round "2"]
[White "jamesaltucher"]
[Black "AsselLesbekova"]
[Result "0-1"]
[WhiteElo "2044"]
[BlackElo "2449"]
[TimeControl "180+1"]
[EndTime "8:14:06 PDT"]
[Termination "AsselLesbekova won by checkmate"]

1. e4 e5 2. Nc3 Nc6 3. g3 Nf6 4. Bg2 d6 5. Nge2 Be6 6. d3 d5 7.
exd5 Nxd5 8. O-O Be7 9. h3 Qd7 10. Kh2 h5 11. Nxd5 Bxd5 12. Nc3 Bxg2 13. Kxg2 h4 14. Qg4 Qxg4 15. hxg4 hxg3 16. Kxg3 Nd4 17. Nd5 Bd6 18. Bd2 e4+ 19. Kg2 Rh2+ 20. Kg1 Nf3# 0-1

[Event "Early-Titled-Tuesday-Blitz-May-28-2024"]
[Site "Chess.com"]
[Date "2024.05.28"]
[Round "2"]
[White "mishanick"]
[Black "xhembulla"]
[Result "1-0"]
[WhiteElo "3054"]
[BlackElo "2636"]
[TimeControl "180+1"]
[EndTime "8:14:20 PDT"]
[Termination "mishanick won by resignation"]

1. d4 Nf6 2. c4 e6 3. Nc3 Bb4 4. e3 O-O 5. Bd3 d5 6. a3 Bxc3+ 7. bxc3 c5 8. cxd5 exd5 9. f3 Nc6 10. Ne2 Re8 11.
O-O Qa5 12. g4 b6 13. Bd2 c4 14. Bc2 b5 15. Ng3 Qc7 16. g5 Nd7 17. e4 Nb6 18. e5 a5 19. f4 b4 20. axb4 axb4 21. Rxa8 Nxa8 22. f5 bxc3 23. Bxc3 Nb6 24. Qh5 Qa7 25. f6 g6 26. Qh6 1-0

[Event "Early-Titled-Tuesday-Blitz-May-28-2024"]
[Site "Chess.com"]
[Date "2024.05.28"]
[Round "2"]
[White "EggLoser"]
[Black "guillembaches"]
[Result "0-1"]
[WhiteElo "2281"]
[BlackElo "2512"]
[TimeControl "180+1"]
[EndTime "8:14:51 PDT"]
[Termination "guillembaches won by resignation"]

1. e4 c5 2. Nf3 d6 3. d4 cxd4 4. Nxd4 Nf6 5. Nc3 Nc6 6. Bc4 Bd7 7. Be3 Ng4 8. Bg5 Qb6 9. Nce2 Qb4+ 10. Qd2 Qxc4 11.
O-O h6 12. Bh4 g5 13. Bg3 Bg7 14. Nb3 Qxe4 15. f3 Qe3+ 16. Qxe3 Nxe3 17. Rf2 Nxc2 18. Rc1 N2b4 19. Nc3 Nd3 20. Re1 Nxe1 0-1

[Event "Early-Titled-Tuesday-Blitz-May-28-2024"]
[Site "Chess.com"]
[Date "2024.05.28"]
[Round "2"]
[White "tandaleo"]
[Black "NikitaShnadrygin"]
[Result "0-1"]
[WhiteElo "2567"]
[BlackElo "2817"]
[TimeControl "180+1"]
[EndTime "8:14:55 PDT"]
[Termination "NikitaShnadrygin won by resignation"]

1. d4 d5 2. c4 Nc6 3. cxd5 Qxd5 4. Nf3 e5 5. Nc3 Bb4 6. e3 Bg4 7. Bd2 Bxc3 8. bxc3 e4 9. h3 exf3 10. hxg4 fxg2 11.
Bxg2 Qxg2 12. Rf1 Qd5 13. Qe2 b5 14. e4 Qc4 15. Qe3 Nge7 16. Qg5 O-O 17. Rh1 Qd3 0-1

[Event "Early-Titled-Tuesday-Blitz-May-28-2024"]
[Site "Chess.com"]
[Date "2024.05.28"]
[Round "2"]
[White "Viacheslav92"]
[Black "xiaopang123"]
[Result "1-0"]
[WhiteElo "2531"]
[BlackElo "2303"]
[TimeControl "180+1"]
[EndTime "8:15:01 PDT"]
[Termination "Viacheslav92 won by resignation"]

1. e4 c6 2. d4 d5 3. Nc3 dxe4 4.
Nxe4 Nf6 5. Nxf6+ exf6 6. Nf3 Bd6 7. Bd3 O-O 8. O-O Bg4 9. h3 Bh5 10. Bf5 Re8 11. Qd3 Bg6 12. Nh4 Nd7 13. Bd2 Nf8 14. Rfe1 Bc7 15. Rxe8 Qxe8 16. Re1 Qd8 17. Nxg6 hxg6 18.
Bg4 g5 19. g3 g6 20. c4 f5 21. Bf3 Ne6 22. Bc3 f4 23. Rxe6 fxe6 24. Qxg6+ Kf8 25. d5 1-0

[Event "Early-Titled-Tuesday-Blitz-May-28-2024"]
[Site "Chess.com"]
[Date "2024.05.28"]
[Round "2"]
[White "MikeWizard"]
[Black "Eliwood44"]
[Result "0-1"]
[WhiteElo "2002"]
[BlackElo "2440"]
[TimeControl "180+1"]
[EndTime "8:15:09 PDT"]
[Termination "Eliwood44 won by resignation"]

1. d4 Nf6 2. c4 e6 3. Nf3 Bb4+ 4.
Bd2 Qe7 5. Nc3 Nc6 6. g3 d6 7. Bg2 O-O 8. O-O Bxc3 9. Bxc3 e5 10. d5 Nb8 11. Qc2 a5 12. e4 b6 13. Ne1 Na6 14. Nd3 Nd7 15. f4 f6 16. Rf2 Ndc5 17. Nxc5 Nxc5 18.
b3 Bd7 19. a3 b5 20. Raf1 bxc4 21. bxc4 Ba4 22. Qd2 Bb3 23. Bxa5 Bxc4 24. Rc1 Nb3 25.
Qb4 Nxa5 26. Rfc2 Rfb8 27. Qa4 Bb3 28. Rxc7 Qxc7 29. Rxc7 Bxa4 0-1

[Event "Early-Titled-Tuesday-Blitz-May-28-2024"]
[Site "Chess.com"]
[Date "2024.05.28"]
[Round "2"]
[White "sergeikim"]
[Black "the_chess_child"]
[Result "0-1"]
[WhiteElo "2606"]
[BlackElo "2913"]
[TimeControl "180+1"]
[EndTime "8:15:11 PDT"]
[Termination "the_chess_child won by resignation"]

1. d4 Nf6 2. c4 g6 3. Nc3 Bg7 4. e4 d6 5. Nge2 O-O 6. Ng3 h5 7. d5 h4 8. Nge2 Nbd7 9. Nd4 Nc5 10. f3 e6 11. Be2 exd5 12. cxd5 Nh5 13. b4 Nd7 14.
Rb1 Qf6 15. Be3 Nf4 16. O-O Qg5 17. Bxf4 Qxf4 18. Kh1 Be5 0-1

[Event "Early-Titled-Tuesday-Blitz-May-28-2024"]
[Site "Chess.com"]
[Date "2024.05.28"]
[Round "2"]
[White "Wizard_97"]
[Black "isla88"]
[Result "1-0"]
[WhiteElo "2732"]
[BlackElo "2422"]
[TimeControl "180+1"]
[EndTime "8:15:22 PDT"]
[Termination "Wizard_97 won by resignation"]

1. g3 g6 2. Bg2 Bg7 3. Nf3 Nf6 4. O-O c5 5. c4 Nc6 6. Nc3 d5 7. cxd5 Nxd5 8. Re1 O-O 9. Rb1 Nc7 10. a3 a5 11. d3 e5 12. Bg5 Qd7 13. Ne4 Ne6 14. Nf6+ Bxf6 15. Bxf6 b6 16. Nxe5 Nxe5 17. Bxa8 Ng4 18.
Bc3 Bb7 19. Bxb7 Qxb7 20. e3 h5 21. h3 Ng5 22. hxg4 Nf3+ 23. Kf1 Nh2+ 24. Ke2 Qf3+ 25. Kd2 Qxf2+ 26. Re2 Nf3+ 27. Kc2 Qxg3 28. gxh5 b5 29. hxg6 b4 30. Qh1 Nh4 31. gxf7+ 1-0

[Event "Early-Titled-Tuesday-Blitz-May-28-2024"]
[Site "Chess.com"]
[Date "2024.05.28"]
[Round "2"]
[White "MaiqMaster"]
[Black "Ginger_GM"]
[Result "0-1"]
[WhiteElo "2442"]
[BlackElo "2741"]
[TimeControl "180+1"]
[EndTime "8:15:23 PDT"]
[Termination "Ginger_GM won by resignation"]

1. d4 e6 2. c4 f5 3. g3 Nf6 4.
Bg2 Be7 5. Nf3 O-O 6. O-O d6 7. Nc3 a5 8. Re1 Ne4 9. Qc2 Nc6 10. a3 Nxc3 11. bxc3 e5 12. e4 f4 13. c5 Kh8 14. a4 Qe8 15. cxd6 cxd6 16. Ba3 Bg4 17. Qd3 Qh5 18. Nd2 f3 19. Bf1 Rf6 20. h3 Bxh3 21.
Bxh3 Qxh3 22. Nxf3 Rh6 23. Nh4 Rxh4 24. gxh4 Qxd3 0-1

[Event "Early-Titled-Tuesday-Blitz-May-28-2024"]
[Site "Chess.com"]
[Date "2024.05.28"]
[Round "2"]
[White "Chopper1905"]
[Black "AlexPapasimakopoulos"]
[Result "1-0"]
[WhiteElo "2961"]
[BlackElo "2613"]
[TimeControl "180+1"]
[EndTime "8:15:30 PDT"]
[Termination "Chopper1905 won by checkmate"]

1. c4 e6 2. Nc3 d5 3. d4 a6 4.
cxd5 exd5 5. Bf4 c6 6. e3 Bd6 7.
Qf3 Qc7 8. Qg3 Bxf4 9. Qxg7 Bh6 10. Qxh8 Kf8 11. Qxh7 Nd7 12. Qc2 Ndf6 13. Bd3 a5 14. Nf3 Ne7 15. O-O Kg7 16. Ne5 Be6 17.
e4 Rh8 18. exd5 Nexd5 19. Nxd5 Bxd5 20. Rae1 Bf4 21. g3 Bxe5 22. Rxe5 Kf8 23. Rfe1 a4 24.
Qxa4 b5 25. Qa8+ Kg7 26. Rg5+ Kh6 27. Qxh8+ Kxg5 28. Qh4# 1-0

[Event "Early-Titled-Tuesday-Blitz-May-28-2024"]
[Site "Chess.com"]
[Date "2024.05.28"]
[Round "2"]
[White "Pragmatist237"]
[Black "LionelMessiFCB"]
[Result "0-1"]
[WhiteElo "2204"]
[BlackElo "2491"]
[TimeControl "180+1"]
[EndTime "8:15:31 PDT"]
[Termination "LionelMessiFCB won by resignation"]

1. c4 g6 2. Nc3 Bg7 3. g3 e5 4. Bg2 Ne7 5. d3 O-O 6. Nf3 f5 7. O-O Nbc6 8. Rb1 a5 9. a3 Kh8 10. b4 axb4 11. axb4 e4 12. b5 exf3 13. Bxf3 Ne5 14.
Bb2 Nxf3+ 15. exf3 d5 16. Nxd5 Nxd5 17. cxd5 Qxd5 18. Bxg7+ Kxg7 19. Qb3 Qxb3 20. Rxb3 Be6 21. Rc3 Rf7 22. Rfc1 Rc8 23. d4 Bd5 24. Rc5 Rd7 25. Kg2 g5 26. h3 g4 27. hxg4 fxg4 28. Kh2 b6 29. R5c3 Bxf3 30. Re3 0-1

[Event "Early-Titled-Tuesday-Blitz-May-28-2024"]
[Site "Chess.com"]
[Date "2024.05.28"]
[Round "2"]
[White "mindprogress732"]
[Black "Jojo_898"]
[Result "1-0"]
[WhiteElo "2170"]
[BlackElo "2446"]
[TimeControl "180+1"]
[EndTime "8:15:31 PDT"]
[Termination "mindprogress732 won by resignation"]

1. Nf3 Nf6 2. g3 g6 3. Bg2 Bg7 4. O-O O-O 5. d4 d5 6. e3 c5 7. c4 cxd4 8. Nxd4 Nc6 9. Nc3 Nxd4 10. Qxd4 dxc4 11. Qxc4 Be6 12. Qb4 Rb8 13. e4 a5 14. Qb5 Qc7 15. Bf4 Bc4 16. Bxc7 Bxb5 17. Nxb5 Rbc8 18. Be5 Rc5 19. Bxf6 Bxf6 20. Nc3 b5 21.
Nd5 Bxb2 22. Rab1 Bf6 23. Nxf6+ exf6 24. Rfc1 Rfc8 25. Rxc5 Rxc5 26. a3 Rc3 27. Rxb5 Rxa3 28. Bf1 Ra1 29. Kg2 a4 30. Bc4 Rc1 31. Bd5 a3 32. Ra5 Ra1 33. Ra7 a2 34. Rxa2 1-0

[Event "Early-Titled-Tuesday-Blitz-May-28-2024"]
[Site "Chess.com"]
[Date "2024.05.28"]
[Round "2"]
[White "Bob_2004"]
[Black "AnaKuchava"]
[Result "1-0"]
[WhiteElo "2485"]
[BlackElo "2189"]
[TimeControl "180+1"]
[EndTime "8:15:32 PDT"]
[Termination "Bob_2004 won by resignation"]

1. Nf3 d5 2. c4 e6 3. b3 Nf6 4. Bb2 Be7 5. g3 O-O 6. Bg2 c5 7. O-O d4 8. e3 Nc6 9. exd4 cxd4 10.
Re1 h6 11. Ne5 Nxe5 12. Rxe5 Qb6 13. Na3 Bd6 14. Rb5 Qc7 15. c5 Bxc5 16. Rc1 b6 17.
Bxa8 Qb8 18. Bg2 Ba6 19. Rbxc5 bxc5 20. Rxc5 Qb4 21. Rc6 Bb7 22. Rc4 Qb6 23. Bxd4 Qa6 24. Bxb7 Qxb7 25. Bxf6 gxf6 26. Qh5 Kg7 27. Rg4+ Kh7 28.
Rh4 1-0

[Event "Early-Titled-Tuesday-Blitz-May-28-2024"]
[Site "Chess.com"]
[Date "2024.05.28"]
[Round "2"]
[White "PeshkaCh"]
[Black "MalyDominator"]
[Result "1-0"]
[WhiteElo "2880"]
[BlackElo "2583"]
[TimeControl "180+1"]
[EndTime "8:15:34 PDT"]
[Termination "PeshkaCh won by resignation"]

1. Nf3 Nf6 2. d4 d5 3. c4 e6 4. Nc3 c5 5. cxd5 Nxd5 6. e4 Nxc3 7. bxc3 cxd4 8. cxd4 Bb4+ 9. Bd2 Bxd2+ 10. Qxd2 O-O 11. Bc4 Nd7 12. O-O b6 13. d5 Nc5 14. Rfe1 Bb7 15. Rad1 exd5 16. Bxd5 Qc7 17. Nd4 Rad8 18. Nf5 Nxe4 19.
Rxe4 Rxd5 20. Ne7+ Qxe7 21. Rxe7 Rxd2 22. Rxd2 Bc6 23. Rxa7 Re8 24. f3 g5 25. Kf2 h5 26.
Ra6 Rb8 27. Rb2 1-0

[Event "Early-Titled-Tuesday-Blitz-May-28-2024"]
[Site "Chess.com"]
[Date "2024.05.28"]
[Round "2"]
[White "Javylavilla"]
[Black "twofoxniel"]
[Result "0-1"]
[WhiteElo "2316"]
[BlackElo "2673"]
[TimeControl "180+1"]
[EndTime "8:15:41 PDT"]
[Termination "twofoxniel won by resignation"]

1. e4 d5 2. exd5 Nf6 3. d4 Bg4 4. Be2 Bxe2 5. Nxe2 Qxd5 6. O-O Nc6 7. Bf4 O-O-O 8. Nbc3 Qh5 9. Bg3 e6 10. a4 Bd6 11.
Bxd6 Rxd6 12. Nb5 Rd7 13. c3 a6 14. Na3 e5 15. b4 exd4 16. cxd4 Rhd8 17. Qc2 Nxb4 18. Qc4 Nc6 19. Rfd1 Qh4 20. Rab1 Ng4 21. h3 Qxf2+ 22. Kh1 Ne3 0-1

[Event "Early-Titled-Tuesday-Blitz-May-28-2024"]
[Site "Chess.com"]
[Date "2024.05.28"]
[Round "2"]
[White "MiguelBestard1981"]
[Black "Bykov_Egor"]
[Result "0-1"]
[WhiteElo "2271"]
[BlackElo "2666"]
[TimeControl "180+1"]
[EndTime "8:15:42 PDT"]
[Termination "Bykov_Egor won by resignation"]

1. d4 Nf6 2. Bf4 d5 3. e3 c5 4. c3 Nc6 5. Nd2 Bf5 6. Qb3 Qd7 7. Ngf3 c4 8. Qd1 e6 9. Be2 Bd6 10. O-O O-O 11. b3 b5 12. a4 b4 13. Bxd6 Qxd6 14. bxc4 bxc3 15. c5 Qc7 16. Nb3 Rab8 17. Nc1 Nb4 18. Nd3 c2 19. Qd2 Ne4 20. Qc1 Nc3 21. Nf4 Qxf4 22. exf4 Nxe2+ 23. Kh1 Nxc1 24. Rfxc1 Nc6 25.
Ne1 Rb1 26. f3 Rxa1 27. Rxa1 Rb8 28. Nxc2 Bxc2 29. g4 Rb1+ 30. Rxb1 Bxb1 0-1

[Event "Early-Titled-Tuesday-Blitz-May-28-2024"]
[Site "Chess.com"]
[Date "2024.05.28"]
[Round "2"]
[White "Daaksboy"]
[Black "Dewarfd"]
[Result "1-0"]
[WhiteElo "2464"]
[BlackElo "2124"]
[TimeControl "180+1"]
[EndTime "8:15:44 PDT"]
[Termination "Daaksboy won by resignation"]

1. d4 d5 2. c4 c6 3. Nc3 Nf6 4. cxd5 cxd5 5. Bf4 g6 6. e3 Bg7 7. Nf3 O-O 8. Qb3 e6 9. Be2 a6 10. a4 Nc6 11. O-O a5 12. Nb5 Nh5 13. Bd6 Ne7 14. Ne5 Bd7 15. Bc7 Qe8 16. Nd6 1-0

[Event "Early-Titled-Tuesday-Blitz-May-28-2024"]
[Site "Chess.com"]
[Date "2024.05.28"]
[Round "2"]
[White "SuperGPatzer"]
[Black "ChessAdvanceUSA"]
[Result "0-1"]
[WhiteElo "2032"]
[BlackElo "2449"]
[TimeControl "180+1"]
[EndTime "8:15:44 PDT"]
[Termination "ChessAdvanceUSA won by resignation"]

1. g4 h5 2. g5 g6 3. d4 Bg7 4.
Nc3 d6 5. Bg2 Nc6 6. d5 Nb8 7.
Be3 e5 8. dxe6 fxe6 9. Qd3 Ne7 10. Bxb7 Bxb7 11. Nf3 Bxf3 12. exf3 Nd7 13. Ne4 O-O 14. Rg1 Ne5 15. Qb3 Nxf3+ 16. Kf1 Nxg1 17. Qxe6+ Kh7 18.
Nf6+ Bxf6 19. gxf6 Nf5 20. Bg5 Nf3 21. h4 Nxg5 22.
hxg5 Qe8 23. Qc4 Qf7 24. Qc6 Rae8 25. Re1 Rxe1+ 26. Kxe1 Qe8+ 27. Qxe8 Rxe8+ 28. Kd2 Kg8 29. c4 Kf7 0-1

[Event "Early-Titled-Tuesday-Blitz-May-28-2024"]
[Site "Chess.com"]
[Date "2024.05.28"]
[Round "2"]
[White "suyu28"]
[Black "Shivananda1964"]
[Result "1-0"]
[WhiteElo "2760"]
[BlackElo "2409"]
[TimeControl "180+1"]
[EndTime "8:15:46 PDT"]
[Termination "suyu28 won by resignation"]

1. e4 Nc6 2. d4 e5 3. Nf3 exd4 4. Nxd4 g6 5. c4 Bg7 6. Be3 Qe7 7. Nc3 Nf6 8. f3 O-O 9. Qd2 Nxd4 10. Bxd4 c6 11.
Be2 d5 12. cxd5 cxd5 13. e5 Nd7 14. Nxd5 Qd8 15. f4 Nxe5 16. Bxe5 Bxe5 17. fxe5 Qh4+ 18. g3 Qe4 19. Nf6+ 1-0

[Event "Early-Titled-Tuesday-Blitz-May-28-2024"]
[Site "Chess.com"]
[Date "2024.05.28"]
[Round "2"]
[White "JeFumeDesClopes"]
[Black "ThetNaung291"]
[Result "1-0"]
[WhiteElo "2695"]
[BlackElo "2358"]
[TimeControl "180+1"]
[EndTime "8:15:48 PDT"]
[Termination "JeFumeDesClopes won on time"]

1. Nf3 d5 2. g3 Nf6 3. Bg2 Nbd7 4. O-O e5 5. d3 Bd6 6. c4 c6 7. e4 dxe4 8. dxe4 Qe7 9. Nc3 a5 10. Nh4 Nc5 11. h3 O-O 12. Qf3 1-0

[Event "Early-Titled-Tuesday-Blitz-May-28-2024"]
[Site "Chess.com"]
[Date "2024.05.28"]
[Round "2"]
[White "js20000"]
[Black "zozik"]
[Result "1-0"]
[WhiteElo "2684"]
[BlackElo "2342"]
[TimeControl "180+1"]
[EndTime "8:15:53 PDT"]
[Termination "js20000 won by resignation"]

1. b3 d5 2. Bb2 c5 3. Nf3 Nf6 4. e3 g6 5. c4 Bg7 6. cxd5 O-O 7. Be2 Nxd5 8. Bxg7 Kxg7 9. Qc2 b6 10.
O-O Bb7 11. d4 Nd7 12. e4 Nf4 13. d5 Nxe2+ 14. Qxe2 a5 15. Nc3 Ba6 16. Nb5 Nf6 17. a4 Qd7 18. Ne5 Bxb5 19. axb5 Qc7 20. Nc6 e6 21. d6 Qd7 22. Rfd1 Kg8 23. Qf3 Ne8 24. e5 h6 25. Ne7+ Kh7 26. Qxa8 1-0

[Event "Early-Titled-Tuesday-Blitz-May-28-2024"]
[Site "Chess.com"]
[Date "2024.05.28"]
[Round "2"]
[White "Veleamater"]
[Black "DonJuanEGenaro"]
[Result "1-0"]
[WhiteElo "2440"]
[BlackElo "1990"]
[TimeControl "180+1"]
[EndTime "8:15:58 PDT"]
[Termination "Veleamater won by resignation"]

1. g3 d5 2. Bg2 c6 3. d3 e5 4. Nf3 Bd6 5. O-O Bg4 6. Nc3 Qd7 7. e4 d4 8. Ne2 h5 9. Nh4 Be7 10. Nf5 Bxf5 11. exf5 Qxf5 12. f4 Nf6 13. fxe5 Qxe5 14. Bf4 Qc5 15. c3 dxc3+ 16. d4 Qc4 17. Nxc3 Na6 18. Re1 Rd8 19. Qf3 Rxd4 20. Be5 Rd3 21. Qf5 Qe6 22. Qxd3 1-0

[Event "Early-Titled-Tuesday-Blitz-May-28-2024"]
[Site "Chess.com"]
[Date "2024.05.28"]
[Round "2"]
[White "eagleclaw07"]
[Black "emeli_chess"]
[Result "1-0"]
[WhiteElo "2827"]
[BlackElo "2426"]
[TimeControl "180+1"]
[EndTime "8:16:03 PDT"]
[Termination "eagleclaw07 won by resignation"]

1. d4 Nf6 2. c4 e6 3. g3 d5 4.
Nf3 dxc4 5. Bg2 Nc6 6. O-O Rb8 7.
Nc3 Be7 8. e4 O-O 9. Re1 b5 10. d5 Nb4 11. Nd4 Nd3 12. Nc6 Qe8 13.
Nxb8 Nxe1 14. Qxe1 Bb7 15. Nc6 Bxc6 16. dxc6 Qxc6 17. Bg5 Qc5 18. e5 Nd5 19. Ne4 Qd4 20. Bxe7 Nxe7 21. Qc3 c5 22. Nd6 a6 23. a4 Nc6 24. Bxc6 1-0

[Event "Early-Titled-Tuesday-Blitz-May-28-2024"]
[Site "Chess.com"]
[Date "2024.05.28"]
[Round "2"]
[White "Budag-Leyla"]
[Black "krstulov_alex"]
[Result "0-1"]
[WhiteElo "1852"]
[BlackElo "2652"]
[TimeControl "180+1"]
[EndTime "8:16:06 PDT"]
[Termination "krstulov_alex won by resignation"]

1. d4 Na6 2. Nf3 d6 3. c4 e5 4. dxe5 Bf5 5. Nc3 dxe5 6. Qa4+ Bd7 7. Qc2 Nb4 8. Qb3 Bf5 9. e4 Bg4 10. Be3 Bxf3 11. gxf3 Qc8 12. O-O-O Nf6 13. Qa4+ Nc6 14. Nd5 Be7 15. Nxe7 Kxe7 16. Bc5+ Ke8 17. Rg1 g6 18.
Rg3 Nd7 19. Ba3 Nb6 20. Qb3 Nd4 21. Qb4 Qe6 22. Kb1 a5 23. Qb5+ Nxb5 24. cxb5 Rd8 25. Rxd8+ Kxd8 26. Bh3 Qf6 27. Rg1 Nc8 28. Rd1+ Nd6 29.
b6 Re8 30. bxc7+ Kxc7 31. Bxd6+ Qxd6 32. Rxd6 Kxd6 33. Kc2 Kc5 34. Kc3 Rd8 35. Kc2 Kd4 36.
Kd2 Rd6 37. b3 a4 38. Bc8 a3 39. Bxb7 Rb6 40. Bd5 f5 41. Bg8 fxe4 42. fxe4 h5 43. Bd5 g5 44. Kc2 Rf6 45. b4 Rxf2+ 46. Kb3 Rf3+ 47.
Ka4 g4 48. b5 Kc5 49. Ka5 h4 50. b6 g3 51. b7 Rf8 52. hxg3 hxg3 53. Be6 g2 54. Bc8 g1=Q 55. b8=Q Qe1+ 56. Ka6 Rf6+ 57. Kb7 Rb6+ 0-1

[Event "Early-Titled-Tuesday-Blitz-May-28-2024"]
[Site "Chess.com"]
[Date "2024.05.28"]
[Round "2"]
[White "PattyCastillo"]
[Black "verrbaa"]
[Result "0-1"]
[WhiteElo "1830"]
[BlackElo "2439"]
[TimeControl "180+1"]
[EndTime "8:16:09 PDT"]
[Termination "verrbaa won by resignation"]

1. d4 Nf6 2. Nf3 g6 3. Nc3 d5 4. e4 dxe4 5. Nd2 Bg7 6. Ndxe4 Nxe4 7. Nxe4 Qxd4 8. Qxd4 Bxd4 9. Bc4 O-O 10. O-O Bf5 11. Ng5 Bxc2 12. Re1 e5 13. Nf3 Nc6 14. Bh6 Rfe8 15. Nxd4 exd4 16. Rac1 d3 17. Re3 Rxe3 18.
Bxe3 Rd8 19. Bd2 Ne5 20. Bb3 Bxb3 21. axb3 c6 22. Kf1 Rd5 23. Rc3 f5 24. f4 Ng4 25.
h3 Nf6 26. Kf2 Ne4+ 27. Ke3 Nxc3 0-1

[Event "Early-Titled-Tuesday-Blitz-May-28-2024"]
[Site "Chess.com"]
[Date "2024.05.28"]
[Round "2"]
[White "Pitomina"]
[Black "JanMur7"]
[Result "1/2-1/2"]
[WhiteElo "2494"]
[BlackElo "2262"]
[TimeControl "180+1"]
[EndTime "8:16:11 PDT"]
[Termination "Game drawn by repetition"]

1. d4 Nf6 2. c4 a6 3. Nc3 b5 4.
cxb5 axb5 5. Nxb5 e5 6. dxe5 Ne4 7. Nf3 Bb4+ 8. Bd2 Nxd2 9. Nxd2 O-O 10. Nc3 Nc6 11. e3 Nxe5 12. Be2 Bb7 13. O-O Qf6 14. Nf3 Nxf3+ 15. Bxf3 Bxf3 16. Qxf3 Bxc3 17. bxc3 Qxc3 18. Rac1 Qe5 19. Rfd1 d6 20. Rxc7 Rxa2 21. Rdc1 Ra1 22. g3 Rxc1+ 23. Rxc1 h6 24. Kg2 d5 25. Rc5 Rd8 26.
h4 Qe6 27. Rc7 d4 28. exd4 Rxd4 29. Rc6 Qd5 30. Rc8+ Kh7 31. Rc7 Qxf3+ 32. Kxf3 Kg8 33. g4 g6 34. Kg3 Kg7 35. f3 Ra4 36. Rc6 Ra5 37.
Rb6 h5 38. g5 Ra3 39. Rf6 Rb3 40. Kg2 Rb4 41. f4 Ra4 42. Kh3 Ra3+ 43. Kg2 Ra4 44.
Kg3 Ra3+ 45. Kg2 Ra4 1/2-1/2

[Event "Early-Titled-Tuesday-Blitz-May-28-2024"]
[Site "Chess.com"]
[Date "2024.05.28"]
[Round "2"]
[White "theoneandonlydaaevik"]
[Black "stollenmonster"]
[Result "1/2-1/2"]
[WhiteElo "2612"]
[BlackElo "2897"]
[TimeControl "180+1"]
[EndTime "8:16:12 PDT"]
[Termination "Game drawn by repetition"]

1. d4 Nf6 2. c4 e6 3. Nf3 d5 4. Nc3 Ne4 5. e3 f5 6. Bd3 c6 7. O-O Be7 8. Ne5 O-O 9. f3 Nxc3 10. bxc3 Nd7 11. f4 Nxe5 12. fxe5 Bd7 13. Bd2 Rb8 14.
Rb1 b5 15. c5 Be8 16. a4 a6 17. axb5 axb5 18. Ra1 Bg6 19. Ra6 Qd7 20. Qc2 Ra8 21. Rfa1 Rxa6 22. Rxa6 h5 23. Qa2 Rc8 24. Ra7 Rc7 25. Ra8+ Rc8 26. Ra7 Rc7 27. Ra8+ Rc8 28. Ra7 1/2-1/2

[Event "Early-Titled-Tuesday-Blitz-May-28-2024"]
[Site "Chess.com"]
[Date "2024.05.28"]
[Round "2"]
[White "jlf287"]
[Black "HouseOfDurin"]
[Result "1-0"]
[WhiteElo "2496"]
[BlackElo "2233"]
[TimeControl "180+1"]
[EndTime "8:16:15 PDT"]
[Termination "jlf287 won by resignation"]

1. Nf3 g6 2. c4 Bg7 3. g3 d6 4. Bg2 c5 5. O-O e5 6. Nc3 Ne7 7. d3 Nbc6 8. Ne1 O-O 9. Rb1 h6 10. a3 a5 11. Nc2 f5 12. Ne3 f4 13. Ned5 Nxd5 14. Nxd5 g5 15. b4 axb4 16. axb4 Ne7 17. bxc5 dxc5 18. Nb6 Ra7 19. Nxc8 Nxc8 20. Rxb7 Rxb7 21.
Bxb7 Nd6 22. Bd5+ Kh8 23. Ba3 Qa5 24. Qb3 fxg3 25. hxg3 e4 26. dxe4 Bd4 27. e3 Be5 28. Bb2 Bxb2 29. Qxb2+ Kh7 30. Ra1 Qd8 31. Ra7+ Kg6 32.
Rg7+ Kh5 33. Qe2+ 1-0

[Event "Early-Titled-Tuesday-Blitz-May-28-2024"]
[Site "Chess.com"]
[Date "2024.05.28"]
[Round "2"]
[White "andrew-blr"]
[Black "Kacparov"]
[Result "0-1"]
[WhiteElo "2608"]
[BlackElo "2919"]
[TimeControl "180+1"]
[EndTime "8:16:31 PDT"]
[Termination "Kacparov won by resignation"]

1. d4 Nf6 2. c4 e6 3. Nc3 Bb4 4. a3 Bxc3+ 5. bxc3 c5 6. f3 Qa5 7. Bd2 Nc6 8. e3 O-O 9. Bd3 d5 10. cxd5 exd5 11. Ne2 Re8 12. O-O Qc7 13. Ng3 b6 14.
Ra2 a5 15. Bc1 Ba6 16. Bxa6 Rxa6 17. Re2 Raa8 18. e4 cxd4 19. cxd4 dxe4 20. fxe4 Rad8 21.
d5 Ne5 22. Bg5 Ned7 23. Rc2 Qe5 24. Rf5 Qe7 25. Rc7 Qxa3 26. Bxf6 Nxf6 27. Rxf6 gxf6 28. Qg4+ Kh8 29. Qh5 Qe3+ 30. Kf1 Qf4+ 31. Kg1 Qxc7 0-1

[Event "Early-Titled-Tuesday-Blitz-May-28-2024"]
[Site "Chess.com"]
[Date "2024.05.28"]
[Round "2"]
[White "KingCrusher275"]
[Black "BashirliSaadat"]
[Result "1-0"]
[WhiteElo "2596"]
[BlackElo "2369"]
[TimeControl "180+1"]
[EndTime "8:16:32 PDT"]
[Termination "KingCrusher275 won by resignation"]

1. d4 d5 2. c4 e6 3. Nc3 c6 4.
e3 Nf6 5. Nf3 Bd6 6. Qc2 Nbd7 7.
g4 dxc4 8. Bxc4 b5 9. Be2 e5 10.
g5 Nd5 11. Nxd5 cxd5 12. dxe5 Nxe5 13. Nxe5 Bxe5 14. Qc6+ Bd7 15. Qxd5 Bc7 16. Bxb5 Ba5+ 17. Ke2 Bxb5+ 18. Qxb5+ Ke7 19. Rd1 Qc7 20. Bd2 Bxd2 21.
Rxd2 Rab8 22. Qf5 Rhd8 23. Rad1 Qc4+ 24. Ke1 Rb5 25. Rd7+ Rxd7 26. Qxd7+ 1-0